 Dungeon Crawl Stone Soup version 0.28.0 (webtiles) character file.

Game seed: 454659778358423677

108520 LustLizard the Severer (level 16, -24/147 HPs)
             Began as a Minotaur Berserker on Feb 4, 2022.
             Was a High Priest of Trog.
             Killed by the raging water
             ... invoked by a water nymph
              (35 damage)
             ... on level 1 of the Shoals on Feb 5, 2022.
             The game lasted 01:47:33 (31129 turns).

LustLizard the Severer (Minotaur Berserker)        Turns: 31129, Time: 01:47:34

Health: -24/147    AC: 28    Str: 24    XL:     16   Next: 2%
Magic:  15/15      EV:  5    Int:  8    God:    Trog [*****.]
Gold:   2708       SH: 13    Dex: 12    Spells: 15/15 levels left

rFire   + . .      SeeInvis +   W - +9 broad axe (flame)
rCold   + . .      Faith    .   J - +0 kite shield {AC+3}
rNeg    . . .      Spirit   .   Q - +3 gold dragon scales
rPois   +          Reflect  .   a - +1 hat {SInv}
rElec   .          Harm     .   P - scarf {repulsion}
rCorr   .          Rampage  .   k - +1 pair of gloves
Will    ++...                   v - +2 pair of boots
Stlth   ..........              m - amulet of regeneration
HPRegen 1.14/turn               I - ring of Shadows {Umbra +Inv Stlth+}
MPRegen 0.14/turn               L - ring of willpower

@: hasted, wreathed by umbra, repel missiles, slow
A: horns 2, retaliatory headbutt
a: Renounce Religion, Evoke Invisibility, Berserk, Trog's Hand, Brothers in Arms


You were on level 1 of the Shoals.
You worshipped Trog.
Trog was extremely pleased with you.
You visited 4 branches of the dungeon, and saw 23 of its levels.
You also visited: Sewer, Bailey and Volcano.

You collected 3218 gold pieces.
You spent 510 gold pieces at shops.

Inventory:

Hand Weapons
 W - a +9 broad axe of flaming (weapon)
Missiles
 c - a throwing net
 e - 15 silver boomerangs
 g - 9 atropa-tipped darts
 h - 41 poisoned darts
 x - 4 javelins
 B - 33 boomerangs (quivered)
 G - 6 curare-tipped darts
Armour
 a - a +1 hat of see invisible (worn)
 k - a +1 pair of gloves (worn)
 v - a +2 pair of boots (worn)
 C - a +2 hat of stealth
 J - a +0 kite shield of protection (worn)
 P - a scarf of repulsion (worn)
 Q - +3 gold dragon scales (worn)
Jewellery
 m - an amulet of regeneration (around neck)
 I - the ring of Shadows (left hand) {Umbra +Inv Stlth+}
   (You found it in a bailey)

   [ring of stealth]

   It surrounds you with an aura of shadow, increasing your stealth and reducing
   the accuracy of all others within it.
   +Inv:      It lets you turn invisible.
   Stlth:     It makes you more stealthy.
 L - a ring of willpower (right hand)
 N - a +4 ring of evasion
 S - a ring of flight
 V - a ring of resist corrosion
Wands
 n - a wand of paralysis (7)
 s - a wand of flame (16)
 w - a wand of charming (11)
 D - a wand of iceblast (18)
 F - a wand of mindburst (5)
 K - a wand of acid (9)
 O - a wand of digging (6)
Scrolls
 j - 4 scrolls of magic mapping
 r - 15 scrolls of teleportation
 t - 5 scrolls of immolation
 u - 6 scrolls of fog
 E - 6 scrolls of blinking
Potions
 b - 3 potions of attraction
 f - 8 potions of curing
 i - 9 potions of heal wounds
 l - a potion of flight
 q - 4 potions of might
 A - 3 potions of resistance
 H - 3 potions of cancellation
 M - 2 potions of haste
 R - a potion of lignification
Miscellaneous
 d - a tin of tremorstones (2/2)


   Skills:
 + Level 14.3 Fighting
 - Level 18.0 Axes
 + Level 13.4 Throwing
 * Level 7.1 Armour
 * Level 6.4 Dodging
 - Level 15.0 Shields
 - Level 10.0 Evocations


You had 15 spell levels left.
You didn't know any spells.
Your spell library was empty.

Dungeon Overview and Level Annotations

Branches:
Dungeon (14/15)            Temple (0/1) D:7            Lair (6/6) D:9
 Shoals (1/4) Lair:4        Snake (0/4) Lair:2          Orc (2/2) D:12
    Elf (0/3) Orc:2        Vaults (0/5) D:14          Sewer (visited)
 Bailey (visited)         Volcano (visited)
  Slime: Lair:5-6

Altars:
Dithmenos
Fedhas
Sif Muna
Trog
Vehumet
Yredelemnul

Shops:
D:2 ?:(*   D:4 [   D:12 [   Orc:2 [:*[(   Shoals:1 *[(*

Portals:
Abyss: D:5

Annotations:
Lair:5 exclusion: 2 oklob plants


Innate Abilities, Weirdness & Mutations

You have a pair of horns on your head.
You reflexively headbutt those who attack you in melee.


Message History

Moving in this stuff is going to be slow.
The merfolk hits you from afar with a +0 glaive!
You barely miss the water nymph.
The water nymph is heavily wounded.
The merfolk hits you from afar with a +0 spear.
The water nymph casts a spell at you. The water swirls and strikes you!
Your unstable footing causes you to fumble your attack.
The merfolk hits you from afar with a +0 glaive!
You block the merfolk's attack.
The merfolk impaler hits you from afar with a +0 trident!
You block the merfolk's attack.
You slash the water nymph! You burn the water nymph.
The water nymph is almost dead.
The water nymph touches you. The water nymph drowns you!
You block the merfolk's attack. You block the merfolk impaler's attack.
The merfolk hits you but does no damage.
Your unstable footing causes you to fumble your attack.
You block the merfolk's attack.
The merfolk impaler hits you but does no damage.
The water nymph barely misses you.
The merfolk hits you but does no damage. x2
The merfolk impaler barely misses you.
You barely miss the water nymph.
The water nymph is almost dead.
You block the merfolk's attack. The water nymph touches you.
The water nymph drowns you!
* * * LOW HITPOINT WARNING * * *
The merfolk impaler hits you from afar with a +0 trident!
* * * LOW HITPOINT WARNING * * *
You feel yourself speed up.
The merfolk hits you from afar with a +0 glaive!
* * * LOW HITPOINT WARNING * * *
You block the merfolk's attack.
The merfolk impaler hits you but does no damage.
The merfolk hits you from afar with a +0 trident!
* * * LOW HITPOINT WARNING * * *
The water nymph casts a spell at you. The water swirls and strikes you!!
You die...

≈≈.......≈≈≈≈≈≈
≈...........≈≈≈≈
.[≈≈≈≈.............≈≈
...≈≈.^............. .
#..≈≈.........≈#.#.≈
.###..≈........mmm.∩..
≈....≈........m≈m†#.#..≈
≈...≈≈.........≈@).....≈
≈....≈≈................≈
≈.....................≈≈
≈≈.......########$....≈≈
≈≈≈......#.....♣#...≈≈≈≈≈≈
≈≈≈..P^..§.≈≈≈..#..≈≈≈≈≈≈≈≈
P≈≈P....P.≈≈§≈§.#≈≈≈≈≈≈≈≈≈≈
≈≈P≈PPP.P.≈≈§§≈∩#≈≈≈≈≈≈≈≈≈≈≈
≈≈P≈.PPPP.≈§≈§≈.#≈≈≈≈≈≈≈≈≈≈≈


You could see a merfolk impaler, 3 merfolk and a water nymph.

Vanquished Creatures
  Gastronok (Lair:3)
  Roxanne (D:14)
  An orc warlord (Bailey)
  A merfolk javelineer (Shoals:1)
  8 vault guards (D:14)
  8 hydras
  An ogre mage (Orc:2)
  4 boulder beetles
  A catoblepas (D:13)
  2 centaur warriors
  7 two-headed ogres
  3 tengu warriors
  Urug (D:12)
  3 death yaks (Lair:4)
  5 orc high priests (Orc:2)
  A hell knight (Volcano)
  A salamander mystic (Volcano)
  A sea snake (Lair:4)
  A lindwurm (Lair:6)
  The ghost of unlimited1921 the Chopper, a novice MiFi (D:5)
  8 orc knights
  2 deep elf pyromancers (D:14)
  6 ugly things
  4 salamanders (Volcano)
  An orc sorcerer (Orc:2)
  4 cyclopes
  2 manticores
  2 torpor snails (Lair:4)
  A merfolk siren (Shoals:1)
  3 fauns (Shoals:1)
  A water nymph (Shoals:1)
  11 elephants
  3 black mambas
  A gargoyle (D:13)
  An unseen horror (shapeshifter) (D:13)
  9 cane toads
  3 rime drakes
  2 kobold demonologists
  An efreet (D:13)
  3 unseen horrors
  8 komodo dragons
  A tengu conjurer (D:14)
  6 merfolk (Shoals:1)
  8 trolls
  The ghost of crazypyro the Cudgeller, an amateur MiFi (D:4)
  An ancient zyme (D:5)
  7 polar bears
  Grinder (D:3)
  A snapping turtle (Lair:4)
  5 slime creatures (D:14)
  5 hornets (Lair:6)
  9 dream sheep
  28 blink frogs
  Sigmund (D:3)
  3 wraiths
  4 wyverns
  13 spriggans (Lair:6)
  53 yaks
  A water elemental (Shoals:1)
  5 vampire mosquitoes
  4 basilisks
  5 nagas (Lair:2)
  3 wargs
  18 water moccasins
  29 orc warriors
  A swamp drake (D:9)
  4 black bears
  3 sky beasts
  8 boggarts
  35 wolves
  4 necrophages
  12 ogres
  7 centaurs
  5 kobold brigands
  A gnoll sergeant (D:11)
  11 bullfrogs
  3 wyvern zombies
  3 scorpions
  3 water moccasin skeletons
  5 killer bees (D:10)
  7 wights (D:9)
  11 howler monkeys
  3 electric eels
  12 centaur zombies
  2 quasits (D:5)
  4 hounds
  2 jellies
  25 orc priests
  12 orc wizards
  8 hell rats
  4 killer bee zombies
  A hound zombie (D:5)
  2 hound skeletons (D:4)
  4 howler monkey zombies
  2 mummies (D:9)
  11 gnolls
  3 howler monkey skeletons
  3 river rats
  3 adders
  A shadow imp (D:8)
  3 ufetubi
  2 worms
  2 dart slugs
  87 orcs
  3 ball pythons
  4 bats
  7 endoplasms
  3 giant cockroaches
  18 goblins
  8 hobgoblins
  10 jackals
  43 kobolds
  2 quokkas (D:4)
  4 frilled lizards
  21 rats
782 creatures vanquished.

Vanquished Creatures (collateral kills)
  An orc warlord (Orc:2)
  A boulder beetle (D:13)
  A hydra (Lair:2)
  A centaur warrior (D:13)
  3 orc knights (Orc:2)
  2 cyclopes (D:13)
  A black mamba (Lair:2)
  An unseen horror (D:13)
  A troll (Orc:2)
  A queen bee (shapeshifter) (D:13)
  2 yaks (Lair:2)
  A vampire (D:13)
  A basilisk (Lair:2)
  A warg (Orc:2)
  8 orc warriors (Orc:2)
  2 orc priests (Orc:2)
  An orc wizard (Orc:2)
  3 orcs (Orc:2)
32 creatures vanquished.

Vanquished Creatures (others)
  A wizard (D:3)
  A tengu conjurer (D:13)
  A demonic plant (D:1)
  43 fungi
  103 plants
  A withered plant (D:9)
150 creatures vanquished.

Grand Total: 964 creatures vanquished

Notes
Turn   | Place    | Note
-------+----------+-------------------------------------------
     0 | D:1      | LustLizard the Minotaur Berserker began the quest for the
                  | Orb.
     0 | D:1      | Reached XP level 1. HP: 19/19 MP: 0/0
   179 | D:1      | Reached skill level 1 in Throwing
   179 | D:1      | Reached XP level 2. HP: 25/27 MP: 1/1
   183 | D:1      | Reached skill level 4 in Axes
   494 | D:1      | Found a faded altar of an unknown god.
   849 | D:1      | Reached XP level 3. HP: 26/33 MP: 2/2
  1130 | D:2      | Found Galugh's Magic Scroll Emporium.
  1135 | D:2      | Bought a scroll of identify for 28 gold pieces
  1182 | D:2      | Found Laelel's Book Shop.
  1191 | D:2      | Reached ** piety under Trog
  1285 | D:2      | Found Luovytaz's Assorted Antiques.
  1441 | D:2      | Found Sits's Antique Weapon Boutique.
  2081 | D:3      | Noticed Grinder
  2097 | D:3      | Killed Grinder
  2098 | D:3      | Reached skill level 5 in Axes
  2098 | D:3      | Reached XP level 4. HP: 34/41 MP: 3/3
  2098 | D:3      | Reached XP level 5. HP: 39/47 MP: 4/4
  2280 | D:3      | Reached XP level 6. HP: 55/55 MP: 5/5
  2353 | D:3      | Reached skill level 5 in Fighting
  2353 | D:3      | Reached skill level 6 in Axes
  2827 | D:3      | Found a bloodstained altar of Trog.
  2827 | D:3      | Noticed Sigmund
  2844 | D:3      | Killed Sigmund
  2845 | D:3      | Reached XP level 7. HP: 61/61 MP: 6/6
  2845 | D:3      | Noticed a wizard
  2847 | D:3      | Killed a wizard
  3122 | D:4      | Found Diaxtuomn's Armour Emporium.
  3182 | D:4      | Reached skill level 7 in Axes
  3351 | D:4      | Reached skill level 5 in Throwing
  3784 | D:4      | Noticed crazypyro's ghost (amateur MiFi)
  3786 | D:4      | Found a transporter.
  3791 | D:4      | Found a transporter.
  4048 | D:4      | Reached *** piety under Trog
  4109 | D:4      | Reached XP level 8. HP: 47/70 MP: 7/7
  4401 | D:4      | Reached skill level 8 in Axes
  4679 | D:5      | Entered Level 5 of the Dungeon
  4933 | D:5      | Found a glowing drain.
  4968 | Sewer    | Entered a sewer
  5304 | D:5      | Noticed an ancient zyme
  5342 | D:5      | Reached skill level 9 in Axes
  5457 | D:5      | Reached **** piety under Trog
  5568 | D:5      | Noticed a kobold demonologist
  5736 | D:5      | Killed a kobold demonologist
  5737 | D:5      | Reached XP level 9. HP: 64/79 MP: 8/8
  5738 | D:5      | Found a radiant altar of Vehumet.
  5810 | D:5      | Found a shimmering blue altar of Sif Muna.
  5947 | D:5      | Found a transporter.
  5982 | D:5      | Found a transporter.
  6008 | D:5      | Noticed unlimited1921's ghost (novice MiFi)
  6338 | D:4      | Killed crazypyro's ghost
  6339 | D:4      | Reached skill level 10 in Axes
  7488 | D:2      | Bought a scroll of magic mapping for 49 gold pieces
  7488 | D:2      | Bought a scroll of teleportation for 42 gold pieces
  7488 | D:2      | Bought a scroll of enchant weapon for 105 gold pieces
  7605 | D:7      | Reached skill level 11 in Axes
  7623 | D:7      | Found a staircase to the Ecumenical Temple.
  7743 | D:7      | Reached skill level 1 in Evocations
  7903 | D:7      | Found a flagged portal.
  7914 | Bailey   | Entered a bailey
  7936 | Bailey   | Noticed an orc warlord
  7947 | Bailey   | Found the ring of Shadows {Umbra +Inv Stlth+}
  7977 | Bailey   | Noticed an orc knight
  7988 | Bailey   | Reached ***** piety under Trog
  8003 | Bailey   | Killed an orc knight
  8004 | Bailey   | Reached XP level 10. HP: 90/90 MP: 9/9
  8118 | Bailey   | Found a runed translucent gate.
  8119 | Bailey   | Found a runed translucent gate.
  8121 | Bailey   | Found a runed translucent gate.
  8437 | Bailey   | Killed an orc warlord
  8465 | Bailey   | Acquired a +0 kite shield of protection
  8868 | D:7      | Acquired 879 gold pieces
  8962 | D:5      | Found a one-way gate to the infinite horrors of the Abyss.
  8973 | D:5      | Reached skill level 12 in Axes
  9076 | D:5      | Reached skill level 1 in Shields
  9078 | D:5      | Killed unlimited1921's ghost
  9509 | D:8      | Identified the +4 short sword "Wer Vib" {drain, rElec
                  | rCorr}
  9762 | D:8      | Found a basalt altar of Yredelemnul.
 10533 | D:9      | Reached XP level 11. HP: 91/95 MP: 10/10
 11352 | D:9      | Reached skill level 5 in Evocations
 11406 | D:9      | Found a staircase to the Lair.
 11659 | Lair:1   | Entered Level 1 of the Lair of Beasts
 11683 | Lair:1   | Reached skill level 13 in Axes
 11684 | Lair:1   | Reached skill level 10 in Throwing
 11684 | Lair:1   | Reached skill level 5 in Shields
 12004 | Lair:1   | Acquired a +1 hat of see invisible
 12263 | Lair:1   | Upgraded the game from 0.28-b1-70-g80dc712255 to 0.28.0
 13154 | Lair:2   | Reached skill level 10 in Fighting
 13462 | Lair:2   | Noticed a boulder beetle
 13482 | Lair:2   | Killed a boulder beetle
 13887 | Lair:2   | Found a staircase to the Snake Pit.
 13971 | Lair:2   | Noticed a six-headed hydra
 13980 | Lair:2   | Killed a six-headed hydra
 13981 | Lair:2   | Reached XP level 12. HP: 100/106 MP: 11/11
 13985 | Lair:2   | Reached skill level 14 in Axes
 14890 | Lair:3   | Found a shadowy altar of Dithmenos.
 14930 | Lair:3   | Noticed Gastronok
 15343 | Lair:3   | Killed Gastronok
 15537 | Lair:4   | Noticed a death yak
 15549 | Lair:4   | Killed a death yak
 15684 | Lair:4   | Noticed an eight-headed hydra
 15695 | Lair:4   | Killed a 12-headed hydra
 16125 | Lair:4   | Noticed a death yak
 16126 | Lair:4   | Noticed a death yak
 16140 | Lair:4   | Received a gift from Trog
 16141 | Lair:4   | Killed a death yak
 16143 | Lair:4   | Killed a death yak
 16540 | Lair:4   | Reached skill level 15 in Axes
 16839 | Lair:4   | Reached XP level 13. HP: 100/116 MP: 12/12
 17065 | Lair:4   | Found a staircase to the Shoals.
 17570 | Lair:5   | Reached skill level 10 in Shields
 18609 | Lair:5   | Received a gift from Trog
 19762 | Lair:6   | Entered Level 6 of the Lair of Beasts
 19797 | Lair:6   | Reached skill level 16 in Axes
 20757 | Lair:6   | Reached XP level 14. HP: 85/124 MP: 13/13
 21012 | Lair:6   | Received a gift from Trog
 22036 | Lair:6   | Reached skill level 10 in Evocations
 22840 | D:10     | Entered Level 10 of the Dungeon
 23261 | D:10     | Reached skill level 17 in Axes
 25080 | D:12     | Found a staircase to the Orcish Mines.
 25327 | D:12     | Noticed Urug
 25335 | D:12     | Killed Urug
 25395 | D:12     | Found Omutor's Antique Armour Shoppe.
 25640 | Orc:1    | Entered Level 1 of the Orcish Mines
 25675 | Orc:1    | Received a gift from Trog
 25770 | Orc:1    | Found a dark tunnel.
 25775 | Volcano  | Entered a volcano
 26298 | Orc:2    | Entered Level 2 of the Orcish Mines
 26403 | Orc:2    | Found a staircase to the Elven Halls.
 26417 | Orc:2    | Found Xaxzur's Armour Boutique.
 26458 | Orc:2    | Noticed an orc warlord
 26474 | Orc:2    | Killed an orc warlord
 26657 | Orc:2    | Reached XP level 15. HP: 130/135 MP: 14/14
 26680 | Orc:2    | Reached skill level 18 in Axes
 26683 | Orc:2    | Received a gift from Trog
 27549 | Orc:2    | Found Gufy's Weapon Shop.
 27549 | Orc:2    | Found Toshrom's Armour Shop.
 27550 | Orc:2    | Found Yrriher's Assorted Antiques.
 27550 | Orc:2    | Found Oskozesh's Book Shop.
 27982 | D:13     | Received a gift from Trog
 28052 | D:13     | Reached skill level 15 in Shields
 28091 | D:13     | Identified the ring "Xoikacro" {rPois Int+3 Dex+6}
 28753 | D:14     | Found a gate to the Vaults.
 28808 | D:14     | Reached skill level 5 in Armour
 29168 | D:14     | Reached skill level 5 in Dodging
 29341 | D:14     | Identified Roxanne's Incunabulum of Shape Shifting
 29341 | D:14     | Noticed Roxanne
 29590 | D:2      | Bought a scroll labelled LYUCUC ZEECENIGH for 31 gold
                  | pieces
 30160 | D:14     | Found a blossoming altar of Fedhas.
 30248 | D:14     | Killed Roxanne
 30535 | Shoals:1 | Entered Level 1 of the Shoals
 30535 | Shoals:1 | Found Xaukk's Assorted Antiques.
 30863 | Shoals:1 | Received a gift from Trog
 30905 | Shoals:1 | Reached XP level 16. HP: 147/147 MP: 15/15
 30912 | Shoals:1 | Bought a scroll of enchant armour for 255 gold pieces
 30957 | Shoals:1 | Found Jiroidig's Antique Armour Shoppe.
 31076 | Shoals:1 | Found Paufivve's Antique Weapon Boutique.
 31098 | Shoals:1 | Found Xapte's Assorted Antiques.
 31129 | Shoals:1 | Killed from afar by a water nymph

Illustrated notes

Levels and vault maps discovered:
D:1:      dpeg_arrival_round_c, layout_basic, shapermc_ecumenical_altar_gd,
          kennysheep_pointless_box, lemuel_old_faithful
D:2:      layout_loops_ring, serial_shops, shop_statue, shop_fountains,
          nicolae_shop_waterfront, nicolae_shop_advertising_works
          [nicolae_subvault_shop_adworks], minmay_misc_feat_ornament,
          palyth_stone_intersect, hangedman_abyss_or_decor_stabs
D:3:      layout_basic, trog_wizard, amcnicky_mini_pool_small,
          hangedman_decor_points, hangedman_decor_clover_reticule,
          grunt_decor_one_mirror, uniq_grinder, uniq_sigmund
D:4:      layout_basic, gammafunk_ghost_arena, serial_shops, shop,
          minmay_goblin_kobold_house
D:5:      layout_basic, nicolae_overflow_squiral, portal_sewer_entry_a,
          gammafunk_ghost_abyssal_escape, sigmund_army
D:6:      layout_loops_ring
D:7:      hellmonk_destroyed_diamonds, layout_rooms,
          minmay_temple_entry_sparse_star, enter_bailey_3
D:8:      layout_basic, nicolae_yredelemnul_corpse_copse
D:9:      layout_irregular_city, erik_lair_dragon, serial_undead,
          serial_undead_a, serial_undead_c, serial_undead_b, serial_undead_d,
          serial_undead_d, serial_undead_e, serial_undead_d, serial_undead_c,
          serial_undead_c, serial_undead_b
D:10:     layout_basic
D:11:     layout_basic
D:12:     layout_cave_pools, orc_0_dummy, serial_shops,
          nicolae_shop_hallway_plus, minmay_unpleasant_kobolds, uniq_urug
D:13:     minmay_triangles_in_corner, layout_long_grid
D:14:     layout_grid_maze, erik_vaults_2, fedhas_altar_4, uniq_roxanne
Lair:1:   layout_hall_layers
Lair:2:   layout_loops_ring, minmay_snake_entry_guardpost_medium
Lair:3:   layout_cave_pods, basic_altar, uniq_gastronok
Lair:4:   layout_roguey, minmay_shoals_entry_hut
Lair:5:   layout_regular_city, minmay_slime_entry_oklob_enclosed, minivault_25,
          nicolae_lair_grazing_beasts [nicolae_sub_lair_graze_edge,
          nicolae_sub_lair_graze_edge, nicolae_sub_lair_graze_edge,
          nicolae_sub_lair_graze_edge], grunt_megastairs_5
Lair:6:   minmay_lair_end_enchanted_forest, layout_gridlike,
          serial_bayou_shore_a, serial_bayou_shore_b
Shoals:1: layout_shoals, serial_shops, shop, nicolae_shop_crystal, shop_statue,
          nicolae_lakefront_shop
Orc:1:    layout_caves, enter_volcano_4
Orc:2:    st_orc_pillars, layout_caves, serial_shops, shop

Skill      XL: |  1  2  3  4  5  6  7  8  9 10 11 12 13 14 15 |
---------------+----------------------------------------------+-----
Throwing       | 1 3 4 5 7 9 10 11 12 13 | 13.4
Axes           | 4 5 6 7 9 11 12 13 15 16 17 18 | 18.0
Fighting       | 4 5 6 7 8 9 10 11 12 13 14 | 14.3
Evocations     | 1 4 6 8 9 10 | 10.0
Shields        | 3 7 9 11 13 15 | 15.0
Armour         | 7 |  7.1
Dodging        | 6 |  6.4

Action                   |  1- 3 |  4- 6 |  7- 9 | 10-12 | 13-15 | 16-18 || total
-------------------------+-------+-------+-------+-------+-------+-------++-------
Melee: Hand axe          |   112 |    44 |   360 |       |       |       ||   516
       Headbutt          |    14 |     2 |    70 |   106 |   262 |     4 ||   458
       Punch             |       |     1 |       |     3 |       |       ||     4
       War axe           |       |       |       |   490 |   563 |       ||  1053
       Broad axe         |       |       |       |       |   573 |    17 ||   590
Throw: Stone             |    11 |    19 |   150 |    72 |   254 |       ||   506
       Dart              |       |       |    23 |    14 |    94 |       ||   131
       Boomerang         |       |       |       |    81 |   165 |     7 ||   253
Invok: Berserk           |     2 |     2 |     5 |     7 |     4 |       ||    20
       Trog's Hand       |     1 |     1 |       |     1 |     3 |       ||     6
       Brothers in Arms  |       |       |       |     2 |     3 |       ||     5
  Use: Scroll            |     3 |       |     2 |     9 |    17 |     2 ||    33
       Potion            |       |       |       |       |     1 |     1 ||     2
 Stab: Distracted        |       |       |       |       |     6 |       ||     6
Armor: Animal skin       |     6 |       |       |       |       |       ||     6
       Leather armour    |     7 |       |       |       |       |       ||     7
       Chain mail        |    18 |    15 |   163 |   218 |       |       ||   414
       Plate armour      |       |       |       |    59 |    50 |       ||   109
       Gold dragon scale |       |       |       |       |   495 |    20 ||   515
Dodge: Dodged            |    48 |    10 |   123 |   238 |   311 |     7 ||   737
       Repelled          |       |       |       |       |     5 |       ||     5
Block: Kite shield       |       |       |       |   143 |   673 |    15 ||   831
